Map: [ESL] Solaris

Players

Cure - Winner!

  • Race: Terran Terran
  • Spawn Location: 7:00

Clem

  • Race: Terran Terran
  • Spawn Location: 1:00

Event: IEM Katowice 2024

VOD

Have the link to the VOD?

Description

Time

  • Played on: Feb. 8, 2024, 8 a.m.
  • Length: 6:48

All games in this series

Show
View Real Time Build Order
Export as new Build Order

Cure Terran - Winner!

Build Orders:  

Get SALT Encoding   

  12  0:00  SCV  
  13  0:12  SCV  
  14  0:17  Supply Depot  
  14  0:24  SCV  
  15  0:38  SCV  
  15  0:39  Barracks  
  15  0:42  Refinery  
  16  0:50  SCV  
  16  0:52  Refinery  
  17  1:03  SCV  
  18  1:15  SCV  
  19  1:25  Barracks Reactor  
  19  1:26  Supply Depot  
  19  1:27  Orbital Command  
  19  1:40  Factory  
  19  1:52  SCV  
  20  2:01  Reaper x2  
  20  2:05  SCV  
  23  2:17  SCV  
  24  2:24  Command Center  
  24  2:26  Hellion  
  26  2:33  Reaper  
  26  2:34  Reaper  
  28  2:37  Supply Depot  
  28  2:40  SCV  
  29  2:48  Hellion  
  31  2:55  Starport  
  31  2:59  SCV  
  32  3:11  SCV  
  33  3:19  Cyclone x2  
  37  3:20  Refinery  
  37  3:23  SCV  
  38  3:36  SCV  
  38  3:40  Orbital Command  
  38  3:41  Medivac  
  39  3:48  Barracks Tech Lab, SCV  
  35  3:53  Cyclone x2  
  39  4:00  SCV  
  40  4:05  SCV  
  41  4:14  SCV  
  42  4:18  SCV  
  42  4:19  Raven  
  42  4:21  Supply Depot  
  45  4:25  Cyclone x2  
  45  4:29  SCV  
  45  4:30  SCV  
  48  4:41  SCV  
  48  4:42  SCV  
  50  4:53  Raven, Interference Matrix, SCV  
  50  4:54  SCV  
  50  4:56  Supply Depot  
  50  4:58  Cyclone  
  56  5:05  SCV  
  56  5:06  Cyclone, SCV  
  60  5:12  Command Center  
  60  5:16  Supply Depot  
  60  5:17  SCV  
  60  5:19  SCV  
  62  5:28  Raven  
  62  5:29  SCV  
  62  5:31  SCV  
  62  5:32  Refinery  
  66  5:36  Cyclone  
  66  5:38  Cyclone  
  66  5:39  Supply Depot  
  66  5:41  SCV  
  71  5:43  SCV  
  71  5:46  Barracks Tech Lab  
  70  5:53  SCV  
  70  5:55  SCV  
  68  6:05  Raven, SCV  
  68  6:07  SCV  
  68  6:12  Marine  
  68  6:16  Cyclone  
  68  6:17  SCV  
  72  6:18  Barracks  
  72  6:19  SCV  
  72  6:20  Barracks  
  69  6:30  SCV  
  69  6:31  SCV  
Show
View Real Time Build Order
Export as new Build Order

Clem Terran 

Build Orders: Cyclone Opening 

Get SALT Encoding   

  12  0:00  SCV  
  13  0:12  SCV  
  14  0:17  Supply Depot  
  14  0:24  SCV  
  15  0:38  SCV  
  15  0:39  Barracks  
  16  0:42  Refinery  
  16  0:50  SCV  
  16  0:52  Refinery  
  17  1:02  SCV  
  18  1:14  SCV  
  19  1:26  Reaper  
  19  1:27  Orbital Command  
  19  1:29  Supply Depot  
  20  1:41  Factory  
  20  1:52  SCV  
  21  1:58  Reaper  
  22  2:04  SCV  
  23  2:15  Command Center  
  23  2:17  SCV  
  24  2:25  Hellion  
  26  2:31  Starport  
  26  2:33  SCV  
  27  2:40  Supply Depot  
  27  2:46  SCV  
  27  2:49  Cyclone  
  30  2:52  Barracks Reactor  
  30  2:58  SCV  
  31  3:10  SCV, Medivac  
  34  3:16  Refinery  
  34  3:22  SCV  
  34  3:26  Orbital Command  
  35  3:35  SCV  
  35  3:36  Cyclone x2  
  36  3:47  Starport Tech Lab, SCV  
  36  3:52  SCV  
  36  3:55  Supply Depot  
  37  3:59  SCV  
  38  4:04  SCV  
  38  4:06  Raven  
  38  4:08  Cyclone  
  43  4:11  SCV  
  43  4:13  Cyclone  
  43  4:15  Barracks Tech Lab  
  43  4:17  SCV  
  47  4:22  Supply Depot  
  47  4:23  SCV  
  48  4:29  SCV  
  49  4:35  SCV  
  49  4:40  Raven  
  49  4:41  SCV  
  48  4:46  Cyclone  
  48  4:47  SCV  
  51  4:53  SCV  
  51  4:54  Supply Depot  
  51  4:56  Cyclone  
  51  4:59  SCV  
  55  5:05  Interference Matrix, SCV  
  56  5:11  SCV  
  57  5:16  Supply Depot  
  57  5:17  SCV  
  57  5:19  Cyclone  
  60  5:23  SCV  
  60  5:26  Command Center  
  63  5:28  Cyclone  
  63  5:29  SCV  
  63  5:31  Raven  
  63  5:34  Supply Depot  
  66  5:36  SCV  
  66  5:40  Marine  
  66  5:42  Refinery  
  68  5:43  Supply Depot  
  65  5:50  SCV  
  65  5:52  SCV  
  65  5:54  Cyclone  
  66  5:58  Marine  
  66  6:02  Cyclone  
  69  6:10  Raven  
  57  6:11  SCV  
  57  6:13  Barracks, SCV  
  57  6:14  Barracks  
  57  6:16  Marine  
  57  6:17  Supply Depot  
  58  6:23  SCV  
  58  6:25  SCV  
  59  6:35  SCV  

Tags
 
Add a new tag
Caveats
  • Supply blocks, unpowered buildings, or Contaminate may cause inaccurate times.
  • Supply counts are checked every 10 seconds.